 Dungeon Crawl Stone Soup version 0.28-a0-751-gef3a642a4e (webtiles) character file.

Game seed: 9194979189014021658

177 avis the Insei (level 5, -19/38 HPs)
             Began as a Djinni Warper on Oct 31, 2021.
             Blown up by an orc (28 damage)
             ... with a mindburst bolt
             ... on level 4 of the Dungeon.
             The game lasted 00:20:25 (5153 turns).

avis the Insei (Djinni Warper)                      Turns: 5153, Time: 00:20:25

Health: -19/38     AC:  3    Str: 10    XL:     5   Next: 87%
Gold:   187        EV: 11    Int: 16    God:
                   SH:  5    Dex: 12

rFire   + + .      SeeInvis .     - Unarmed
rCold   x . .      Faith    .   (no shield)
rNeg    . . .      Spirit   .   a - +0 leather armour
rPois   ∞          Reflect  +   (helmet currently unavailable)
rElec   .          Harm     .   (no cloak)
rCorr   .          Rampage  .   (no gloves)
Will    .....                   (boots unavailable)
Stlth   +.........              p - amulet of reflection
HPRegen 0.12/turn               (no ring)
MPRegen 0.00/turn               (no ring)

@: appendages, flying
A: horns 2, flying, sickness immunity, fire resistance 2, cold vulnerability 1,
float, innate caster, hp casting, extra vitality 1
a: End Transformation


You were on level 4 of the Dungeon.
You had temporarily grown beastly horns.
You visited 1 branch of the dungeon, and saw 4 of its levels.

You collected 187 gold pieces.

Inventory:

Hand Weapons
 q - a +1 dagger of venom
 x - a +0 hunting sling
Missiles
 c - 5 boomerangs of dispersal (quivered)
 j - 14 sling bullets
 o - 103 stones
 t - 13 bolts
 C - 13 poisoned darts
Armour
 a - a +0 leather armour (worn)
 k - a +0 chain mail
Jewellery
 p - an amulet of reflection (around neck)
 A - a ring of positive energy
Wands
 y - a wand of acid (9)
Scrolls
 b - 2 scrolls of blinking
 e - a scroll of vulnerability {unknown}
 h - a scroll of enchant armour {unknown}
 i - 2 scrolls of identify {unknown}
 l - a scroll of magic mapping {unknown}
 u - 2 scrolls of enchant weapon {unknown}
 v - a scroll of noise {unknown}
 w - 2 scrolls of amnesia {unknown}
 B - a scroll of immolation {unknown}
Potions
 d - a potion of magic {unknown}
 f - a potion of invisibility {unknown}
 g - a potion of flight {unknown}
 m - a potion of might {unknown}
 n - 2 potions of haste {unknown}
 r - a potion of attraction {unknown}
 s - a potion of heal wounds {unknown}
 z - a potion of brilliance {unknown}


   Skills:
 - Level 2.0 Fighting
 - Level 0.7 Throwing
 - Level 1.0 Armour
 - Level 2.1 Dodging
 * Level 5.1 Unarmed Combat
 - Level 3.0 Spellcasting


You couldn't memorise any spells.
You knew the following spells:

 Your Spells              Type           Power      Damage    Failure   Level
a - Beastly Appendage     Tmut           24%        N/A       8%          1
b - Blink                 Tloc           24%        N/A       11%         2
d - Static Discharge      Conj/Air       12%        N/A       11%         2
g - Gell's Gravitas       Tloc           6%         N/A       22%         3
k - Lesser Beckoning      Tloc           12%        N/A       22%         3
o - Teleport Other        Tloc           12%        N/A       22%         3
M - Manifold Assault      Tloc           12%        N/A       90%         5
Your spell library was empty.

Dungeon Overview and Level Annotations

Branches:
Dungeon (4/15)             Temple (0/1) D:4

Altars:
Sif Muna
Xom
Yredelemnul

Shops:
D:1 *   D:3 [(


Innate Abilities, Weirdness & Mutations

You have temporarily grown beastly horns.
You are flying.
You are immune to sickness and miasma.
You are immune to poison.
Your flesh is very heat resistant. (rF++)
You are vulnerable to cold. (rC-)
You float through the air rather than walking.
You learn spells naturally, not from books.
Your magical power is your life essence.
You have superior vitality. (+4 HP)


Message History

HP restored.
There is a stone staircase leading up here.
An orc comes into view. It is wielding a +2 mace of venom.
The orc shouts!
An orc comes into view.
It is wielding a +0 club and carrying a wand of mindburst (18).
You see here a +0 trident.
Casting: Static Discharge (safe; 11% risk of failure)
Confirm with . or Enter, or press ? or * to list all spells.
You grow a pair of large bovine horns.
The orc shouts!
An orc comes into view. It is wielding a +0 hand axe.
The orc zaps a wand.
Your mind is blasted!
The orc shouts!
Casting: Beastly Appendage (safe; 8% risk of failure)
Confirm with . or Enter, or press ? or * to list all spells.
The orc is struck by an arc of lightning.
The orc is heavily wounded.
The lightning grounds out.
The orc hits you with a +2 mace of venom!
Casting: Static Discharge (safe; 11% risk of failure)
Confirm with . or Enter, or press ? or * to list all spells.
The orc is struck by an arc of lightning.
The orc is almost dead.
You are struck by an arc of lightning.
The lightning grounds out.
You block the orc's attack.
Casting: Static Discharge (safe; 11% risk of failure)
Confirm with . or Enter, or press ? or * to list all spells.
The orc is struck by an arc of lightning!
You kill the orc!
You are struck by an arc of lightning.
The lightning grounds out.
The orc hits you with a +2 mace of venom!
* * * LOW HITPOINT WARNING * * *
You completely miss the orc. You headbutt the orc.
You kill the orc!
You block the orc's attack.
You hit the orc.
The orc is moderately wounded.
The orc zaps a wand.
Your mind is blasted!
Ouch! That really hurt!
You die...

#K..#.............#.#
#.....#..........##.#
#.#..........###...(#
#.#..........#.......
#.#....>..........B..
#.#..................
#.#............[.....
#.#..)..............)
#.#.@o.#.##++##......
###)#).....# #......
#...<...#..# #......
#...#####).# #..##
##.# #.## .# ### ..
..


You could see an orc.

Vanquished Creatures
  A hound (D:3)
  An iguana (D:3)
  An orc wizard (D:3)
  2 adders (D:3)
  A worm (D:2)
  5 orcs
  7 bats
  6 endoplasms
  6 giant cockroaches
  5 goblins
  5 hobgoblins
  3 jackals (D:2)
  6 kobolds
  2 quokkas
  6 ball pythons
  3 frilled lizards
  8 rats
68 creatures vanquished.

Notes
Turn   | Place    | Note
-------+----------+-------------------------------------------
     0 | D:1      | avis the Djinni Warper began the quest for the Orb.
     0 | D:1      | Reached XP level 1. HP: 18/18 MP: 0/0
   136 | D:1      | Found Pikkiela's Assorted Antiques.
   280 | D:1      | Reached XP level 2. HP: 15/23 MP: 0/0
   670 | D:1      | Found a faded altar of an unknown god.
  1085 | D:2      | Reached skill level 3 in Unarmed Combat
  1165 | D:2      | Reached XP level 3. HP: 15/28 MP: 0/0
  1165 | D:2      | Learned a level 1 spell: Beastly Appendage
  2163 | D:3      | Found Lokaacaym's Armour Shop.
  2168 | D:3      | Found Lutzabainwe's Antique Weapon Emporium.
  2223 | D:3      | Reached skill level 4 in Unarmed Combat
  2223 | D:3      | Reached XP level 4. HP: 13/33 MP: 0/0
  2988 | D:3      | Found a basalt altar of Yredelemnul.
  3435 | D:4      | Found a shimmering altar of Xom.
  3540 | D:4      | Noticed an ogre
  3586 | D:3      | Reached XP level 5. HP: 30/38 MP: 0/0
  3586 | D:3      | Learned a level 2 spell: Static Discharge
  4065 | D:3      | Reached skill level 5 in Unarmed Combat
  4294 | D:4      | Found a staircase to the Ecumenical Temple.
  5153 | D:4      | Blown up by an orc

Illustrated notes

Levels and vault maps discovered:
D:1:      denvon_arrival_waterhouse, layout_loops_ring,
          shapermc_ecumenical_altar_petra, serial_shops, shop,
          minmay_misc_feat_tiny
D:2:      layout_loops_ring, st_stairs_5, minmay_heptomino_h4
D:3:      layout_loops_cross, mainiacjoe_overflow_six_doors_small,
          mainiacjoe_overflow_brackets, serial_shops, nicolae_shop_stone, shop
D:4:      layout_rooms, kennysheep_mini, general_overflow_altar,
          mainiacjoe_overflow_cross_hatched, minmay_temple_entry_arrows,
          corexii_corridor_pit

Skill      XL: |  1  2  3  4  5 |
---------------+----------------+-----
Unarmed Combat | 3 4 5 |  5.1
Spellcasting   | 3 |  3.0
Fighting       | |  2.0
Throwing       | |  0.7
Armour         | |  1.0
Dodging        | |  2.1

Action                   |  1- 3 |  4- 6 || total
-------------------------+-------+-------++-------
Melee: Unarmed           |   144 |    85 ||   229
       Headbutt          |    12 |    12 ||    24
       Punch             |     1 |     2 ||     3
 Cast: Beastly Appendage |    16 |    27 ||    43
       Blink             |     1 |     2 ||     3
       Static Discharge  |       |    22 ||    22
 Stab: Sleeping          |     1 |       ||     1
Armor: Leather armour    |    38 |    22 ||    60
Dodge: Dodged            |    79 |    68 ||   147
Block: Other             |     7 |    36 ||    43

Table legend: (Time is in decaauts)
 A = Elapsed time spent in this place.
 B = Non-inter-level travel time spent in this place.
 C = Inter-level travel time spent in this place.
 D = Time resting spent in this place.
 E = Time spent auto-exploring this place.
 F = Levels seen in this place.
 G = Mean time per level.
                   A        B        C        D        E       F      G
               +--------+--------+--------+--------+--------+-----+--------+
         Total |   5152 |   4914 |    238 |   2275 |   1706 |   4 | 1288.0 |
       Dungeon |   5152 |   4914 |    238 |   2275 |   1706 |   4 | 1288.0 |
               +--------+--------+--------+--------+--------+-----+--------+

Top non-repeatable levels by time:
     D:3: 2083 daAuts
     D:2: 1560 daAuts
     D:1: 972 daAuts
     D:4: 535 daAuts
